 Dungeon Crawl Stone Soup version 0.29.1-1-gd02db6906a (webtiles) character file.

Game seed: 3044492243965362044

63 groovy9 the Shooter (level 4, -10/33 HPs)
             Began as a Formicid Hunter on Sept 18, 2022.
             Mangled by a gnoll
             ... wielding a +0 halberd of protection
              (13 damage)
             ... on level 2 of the Dungeon.
             The game lasted 00:02:54 (1028 turns).

groovy9 the Shooter (Formicid Hunter)               Turns: 1028, Time: 00:02:55

Health: -10/33     AC:  3    Str: 16    XL:     4   Next: 30%
Magic:  4/4        EV: 12    Int:  8    God:
Gold:   9          SH:  0    Dex: 19    Spells: 3/3 levels left

rFire   . . .      SeeInvis +   a - +0 shortbow
rCold   . . .      Faith    .   j - orb {mayhem}
rNeg    . . .      Spirit   .   c - +0 leather armour
rPois   .          Reflect  .   (helmet unavailable)
rElec   .          Harm     .   (no cloak)
rCorr   .          Rampage  .   (no gloves)
Will    .....                   (no boots)
Stlth   ++........              (no amulet)
HPRegen 0.11/turn               (no ring)
MPRegen 0.09/turn               (no ring)

@: no status effects
A: permanent stasis, dig shafts and tunnels, antennae 3, four strong arms
a: Dig, Shaft Self


You were on level 2 of the Dungeon.
You visited 1 branch of the dungeon, and saw 2 of its levels.

You collected 69 gold pieces.
You spent 60 gold pieces at shops.

Inventory:

Hand Weapons
 a - a +0 shortbow (weapon)
Armour
 c - a +0 leather armour (worn)
 j - an orb of mayhem (worn)
Scrolls
 b - a scroll of immolation
Potions
 d - 2 potions of heal wounds
 e - a potion of magic
 f - a potion of berserk rage {unknown}
 h - a potion of curing {unknown}
 k - a potion of degeneration {unknown}


   Skills:
 - Level 2.1 Fighting
 + Level 5.5 Ranged Weapons
 - Level 1.7 Dodging
 - Level 1.2 Stealth


You had 3 spell levels left.
You didn't know any spells.
Your spell library was empty.

Dungeon Overview and Level Annotations

Branches:
Dungeon (2/15)

Altars:

Shops:
D:1 !


Innate Abilities, Weirdness & Mutations

You cannot be hasted, slowed, berserked, paralysed or teleported.
You can dig through walls and to a lower floor.
You have a pair of large antennae on your head. (SInv)
Your four strong arms can wield two-handed weapons with a shield.


Message History

Your butterfly disappears in a burst of colours! x4
HP restored.
A gnoll comes into view. It is wielding a +0 club.
Things that are here:
a frilled lizard corpse; an adder corpse You shoot an arrow.
The gnoll shouts!
The arrow hits the gnoll!
The gnoll is severely wounded.
You shoot an arrow.
The arrow hits the gnoll but does no damage.
The gnoll is severely wounded.
You shoot an arrow. The arrow hits the gnoll!
You kill the gnoll!
You have reached level 4!
You feel stronger.
A gnoll comes into view. It is wielding a +0 halberd.
You shoot an arrow. The gnoll shouts!
The arrow hits the gnoll!
The gnoll is severely wounded.
You hear a shout!
A gnoll comes into view.
It is wielding a +0 halberd of protection.
You shoot an arrow. The arrow hits the gnoll!
You kill the gnoll!
The gnoll flies into a frenzy!
You hear a shout!
You shoot an arrow. The arrow closely misses the gnoll.
The gnoll hits you from afar with a +0 halberd of protection!
You are too injured to fight recklessly!
Things that are here:
a frilled lizard corpse; an adder corpse The gnoll shouts!
The gnoll closely misses you.
You hear a shout!
The gnoll hits you from afar with a +0 halberd of protection!
* * * LOW HITPOINT WARNING * * *
The gnoll shouts!
The gnoll hits you from afar with a +0 halberd of protection!
You die...

.#..... ######.........
. ###.. .....†.... ..
...###.#......
...####...........
..........##..... ##
.........†...##.# .
..##...(.....<#.# .#
........#####@..#####.#
..........†###........#
....######.# ##g####..#
.>> .# #.###...# .. { #
#..†....# ####....)...
....)?... ##......##
.......#


You could see a neutral gnoll (fast, strong, insane).

Vanquished Creatures
  An adder (D:2)
  2 gnolls (D:2)
  A worm (D:2)
  A bat (D:1)
  2 endoplasms (D:1)
  3 giant cockroaches (D:1)
  4 goblins (D:1)
  2 hobgoblins (D:1)
  A quokka (D:1)
  4 ball pythons
  2 frilled lizards
  3 kobolds (D:1)
  4 rats
30 creatures vanquished.

Notes
Turn   | Place    | Note
-------+----------+-------------------------------------------
     0 | D:1      | groovy9 the Formicid Hunter began the quest for the Orb.
     0 | D:1      | Reached XP level 1. HP: 16/16 MP: 1/1
   183 | D:1      | Reached XP level 2. HP: 22/22 MP: 2/2
   447 | D:1      | Reached XP level 3. HP: 27/27 MP: 3/3
   497 | D:1      | Found Rigyopt's Distillery.
   513 | D:1      | Bought a potion of heal wounds for 60 gold pieces
   862 | D:2      | Reached skill level 5 in Ranged Weapons
  1018 | D:2      | Reached XP level 4. HP: 33/33 MP: 4/4
  1028 | D:2      | Mangled by a gnoll

Illustrated notes

Levels and vault maps discovered:
D:1:      lemuel_arrival_tunnels, layout_basic, serial_shops,
          nicolae_shop_window_shopping, minmay_pentomino_v4
D:2:      layout_rooms, kennysheep_doodads, roderic_lattice_a

Skill      XL: |  1  2  3 |
---------------+----------+-----
Ranged Weapons | 5 |  5.5
Fighting       | |  2.1
Dodging        | |  1.7
Stealth        | |  1.2

Action                   |  1- 3 |  4- 6 || total
-------------------------+-------+-------++-------
 Fire: Shortbow          |    65 |     3 ||    68
 Abil: Dig               |     1 |       ||     1
  Use: Scroll            |     2 |       ||     2
Armor: Leather armour    |     2 |       ||     2
Dodge: Dodged            |    10 |     1 ||    11
